Map: Lerilak Crest

Players

LilDicky - Winner!

  • Race: Terran Terran
  • League: Diamond

Kelemvor

  • Race: Zerg Zerg
  • League: Diamond

VOD

http://www.twitch.tv/tumescentpie

Description

Time

  • Played on: Dec. 3, 2015, 9:58 a.m.
  • Length: 23:15
Show
View Real Time Build Order
Export as new Build Order

LilDicky Terran - Winner!

Build Orders: Bio Tank, MMM Bio 

Get SALT Encoding   

  12  0:01  SCV  
  13  0:13  SCV  
  14  0:17  Supply Depot  
  14  0:25  SCV  
  15  0:31  Refinery  
  15  0:38  SCV  
  16  0:46  Barracks  
  16  0:51  SCV  
  17  1:03  SCV  
  18  1:15  SCV  
  19  1:27  SCV  
  20  1:35  Reaper  
  20  1:39  Orbital Command  
  21  1:53  Command Center  
  21  2:05  SCV  
  22  2:13  Refinery  
  22  2:16  Barracks Tech Lab  
  22  2:18  Factory  
  22  2:23  SCV  
  22  2:24  Supply Depot  
  23  2:54  SCV  
  23  2:56  Marine  
  25  3:09  SCV  
  25  3:11  Orbital Command  
  26  3:20  Starport  
  26  3:21  Barracks Reactor  
  26  3:22  Siege Tank  
  26  3:23  SCV  
  30  3:39  SCV  
  31  3:41  SCV  
  31  3:51  SCV  
  31  3:53  SCV  
  31  3:54  Siege Tank  
  36  3:58  Command Center  
  36  4:03  SCV  
  36  4:05  Liberator  
  37  4:20  Marine  
  40  4:36  Siege Tank  
  40  4:37  Marine  
  44  4:40  SCV x2  
  44  4:43  Refinery  
  46  4:49  Barracks x2  
  46  4:51  Engineering Bay  
  46  4:52  Engineering Bay  
  46  5:07  Supply Depot  
  46  5:10  SCV x2  
  48  5:17  Siege Tank  
  48  5:21  Barracks Reactor  
  51  5:22  SCV x2  
  51  5:25  Orbital Command  
  53  5:29  Liberator  
  53  5:34  SCV x2  
  55  5:46  SCV x2  
  55  5:49  Supply Depot  
  60  5:53  Refinery  
  60  5:54  SCV  
  62  5:57  Barracks Tech Lab  
  62  5:58  SCV, Barracks Tech Lab  
  62  5:59  Terran Infantry Weapons Level 1  
  62  6:04  Terran Infantry Armor Level 1  
  62  6:17  SCV x2  
  65  6:18  SCV  
  65  6:20  Supply Depot  
  65  6:23  Liberator  
  65  6:24  Marine x3  
  65  6:25  Refinery, Marine  
  69  6:26  Combat Shields, Stimpack  
  69  6:29  SCV x2  
  69  6:30  SCV, Supply Depot  
  72  6:36  Missile Turret  
  72  6:38  Missile Turret  
  72  6:41  SCV  
  72  6:42  SCV  
  72  6:46  Marine x4  
  81  6:52  Barracks, Missile Turret  
  81  6:53  Barracks  
  81  6:55  SCV x2  
  81  6:57  Armory  
  81  6:59  Liberator  
  81  7:00  Missile Turret  
  83  7:02  SCV  
  83  7:04  Marine  
  83  7:07  SCV x2  
  83  7:08  Marine x3  
  90  7:21  Supply Depot  
  93  7:25  Supply Depot  
  93  7:26  Supply Depot  
  93  7:32  Supply Depot  
  93  7:38  SCV x2, Siege Tank, Marine x3  
  93  7:42  Marine  
  93  7:43  Barracks Reactor  
  93  7:44  Barracks Reactor  
  102  7:46  Barracks  
  102  7:51  Supply Depot  
  102  7:52  Supply Depot  
  102  7:55  Missile Turret, Marine x2  
  102  7:56  Marine  
  105  7:59  Missile Turret  
  105  8:00  Marine  
  105  8:02  Medivac x2  
  110  8:10  Starport  
  110  8:12  SCV  
  110  8:13  Marine x3  
  110  8:15  SCV x2  
  110  8:18  Marine  
  116  8:22  Marine x3  
  119  8:29  SCV x2  
  119  8:30  Supply Depot  
  119  8:31  Marine x3  
  119  8:32  Medivac  
  119  8:33  Refinery  
  126  8:35  Barracks Reactor  
  126  8:36  Marine  
  127  8:55  Starport Reactor  
  127  8:56  Factory  
  127  8:57  Supply Depot  
  127  8:59  Siege Tank  
  127  9:00  Marine x4  
  127  9:01  Marine  
  127  9:02  Marauder x2  
  138  9:03  SCV x3  
  138  9:08  Missile Turret  
  141  9:11  Marine x2  
  141  9:12  Marine  
  141  9:15  SCV x3  
  141  9:16  Command Center  
  147  9:23  Liberator x4  
  147  9:32  Sensor Tower  
  147  9:38  Siege Tank  
  150  9:39  Sensor Tower  
  150  9:42  SCV, Marine x2  
  165  9:50  Supply Depot  
  165  9:53  Supply Depot  
  165  10:06  Liberator  
  165  10:12  Marine x2  
  135  10:46  Marine  
  135  10:47  Marine x9  
  139  11:04  Marine  
  139  11:05  Marauder x2, Marine x2  
  139  11:27  Marauder x2  
  131  11:37  Marine x2  
  112  11:40  Marine x4  
  112  11:41  Marine x2  
  118  11:47  Marine  
  118  11:48  Marauder  
  118  11:55  Marine x2  
  118  11:58  Marine x6  
  126  12:02  Liberator x2  
  126  12:03  Liberator x2  
  126  12:06  Marauder  
  126  12:09  Marauder  
  126  12:13  Marine x2  
  127  12:16  Marine x6  
  127  12:22  Orbital Command  
  145  12:27  Marauder  
  146  12:30  Marine  
  146  12:31  Marauder, Marine  
  146  12:33  Marine  
  146  12:34  Marine x3  
  148  12:49  Marauder  
  133  12:52  Marauder  
  131  13:10  Marauder  
  113  13:14  Marauder  
  113  13:22  Medivac x4  
  113  13:25  Orbital Command  
  113  13:26  SCV x2, Marine x2  
  125  13:31  Marauder  
  127  13:35  Marauder  
  127  13:39  Command Center  
  129  13:53  Marauder  
  131  13:56  Marauder  
  131  13:58  Liberator  
  131  13:59  Liberator x2  
  108  14:13  Marine x4  
  108  14:14  Marauder, Liberator  
  102  14:29  Siege Tank  
  102  14:30  Factory Tech Lab  
  89  14:32  Marine  
  89  14:33  Marine x8  
  89  14:35  Marine  
  98  14:43  Liberator  
  98  14:50  Marine x4  
  98  14:51  Planetary Fortress, Marine x5  
  107  14:53  Marauder  
  107  14:56  Supply Depot  
  107  14:57  Supply Depot  
  107  14:58  Supply Depot  
  107  14:59  Supply Depot  
  109  15:01  Siege Tank  
  115  15:08  Marine  
  115  15:09  Marauder  
  118  15:53  Liberator x2  
  118  15:54  Liberator x2  
  117  16:00  Marine x2  
  117  16:01  Marauder, Marine  
  117  16:02  Marauder  
  105  16:08  Marine  
  105  16:09  Marine x4  
  122  16:18  Marine x2  
  123  16:19  Marine  
  123  16:22  Marine  
  123  16:23  Marauder  
  122  16:26  Marine x2  
  124  16:41  Marauder  
  124  16:44  Marauder  
  124  16:47  Orbital Command  
  124  16:50  Marine  
  124  16:53  Medivac x2  
  124  16:54  Marine x6  
  95  16:55  Marine  
  87  17:02  Marauder  
  87  17:06  Marauder  
  87  17:08  Marine  
  87  17:12  Marine x7  
  87  17:23  Marine  
  87  17:25  Marine  
  87  17:27  Marauder  
  87  17:29  Marine  
  91  17:30  Marine x3  
  89  17:37  Marine x3  
  89  17:41  Marauder  
  89  17:43  Marine  
  90  17:47  Marine x2  
  90  17:48  Terran Infantry Weapons Level 2, Terran Infantry Armor Level 2  
  90  17:49  Marauder  
  90  17:50  Marine x2  
  90  18:03  Marauder  
  90  18:04  Command Center  
  90  18:10  Marauder  
  90  18:12  Marine  
  89  18:13  Marine x7  
  97  18:24  Marauder  
  99  18:30  Marine  
  99  18:31  Marauder, Marine x2  
  104  18:35  Marine x3  
  104  18:36  Marine x2  
  103  18:45  Marauder  
  103  18:48  Marine x3  
  92  18:53  Marine x3, Marauder  
  83  19:07  Marauder  
  70  19:12  Marine  
  70  19:13  Marine x7  
  70  19:14  Marauder  
  66  19:28  Marauder  
  54  19:41  Marine x7  
  54  19:42  Marine x2  
  61  19:47  Orbital Command  
  61  19:49  Marine  
  59  19:59  Marine x9  
  55  20:07  Marine  
  49  20:16  Marine  
  49  20:17  Marine x3  
  34  20:25  Marine  
  34  20:27  Medivac  
  37  20:29  SCV  
  37  20:32  Marine  
  37  20:35  Medivac  
  41  20:44  Marine x2  
  41  20:45  Marauder x2, Marine  
  41  20:46  Marine  
  41  20:47  SCV  
  41  20:49  SCV  
  51  20:59  SCV  
  47  21:40  Marine  
  47  21:41  Marine x7  
  47  21:42  Medivac x2, Marauder x2  
  62  22:04  Marine x5  
  62  22:05  Marine, Marauder x2  
  62  22:06  Marine  
  61  22:13  Marine  
  62  22:22  Marine  
  63  22:26  Marauder  
  63  22:27  Marauder  
  66  22:38  Marine  
  66  22:39  Marine x5  
  69  22:48  Marauder  
Show
View Real Time Build Order
Export as new Build Order

Kelemvor Zerg 

Build Orders: 3 Hatch before Pool 

Get SALT Encoding   

  12  0:01  Drone  
  13  0:08  Drone  
  14  0:16  Overlord  
  14  0:47  Hatchery  
  13  0:55  Drone x3  
  16  1:06  Drone  
  17  1:31  Hatchery, Drone  
  17  1:32  Drone  
  18  1:38  Extractor  
  17  1:45  Spawning Pool  
  17  1:46  Drone  
  17  1:51  Drone  
  18  2:03  Drone x2  
  20  2:13  Drone x2  
  22  2:30  Overlord  
  21  2:48  Queen  
  22  2:51  Extractor  
  22  2:53  Zergling x4  
  22  2:54  Metabolic Boost  
  22  2:57  Drone x3  
  22  2:58  Drone x3  
  28  3:05  Queen  
  30  3:17  Queen  
  32  3:22  Drone  
  32  3:23  Drone x2  
  35  3:31  Spore Crawler  
  34  3:45  Drone x6  
  34  3:46  Overlord  
  40  3:56  Lair  
  40  4:19  Drone x3  
  40  4:20  Drone x4  
  40  4:21  Drone x2  
  48  4:26  Overlord x2  
  48  4:38  Queen  
  50  4:50  Overlord  
  50  4:51  Drone x5  
  50  4:52  Drone  
  56  4:57  Roach Warren, Extractor  
  56  4:58  Hatchery  
  53  5:01  Extractor  
  53  5:07  Evolution Chamber  
  51  5:08  Evolution Chamber  
  51  5:10  Extractor  
  51  5:11  Extractor  
  48  5:24  Spire  
  48  5:26  Queen  
  49  5:29  Drone x11  
  60  5:42  Zerg Ground Armor Level 1, Zerg Melee Weapons Level 1  
  60  5:52  Glial Reconstitution  
  60  5:56  Drone x5  
  60  5:57  Drone  
  66  5:58  Overlord  
  66  6:17  Queen  
  68  6:23  Baneling Nest  
  67  6:28  Infestation Pit  
  67  6:29  Drone  
  67  6:30  Drone x6  
  67  6:31  Drone  
  74  6:34  Drone x3  
  74  6:35  Drone x2  
  79  6:41  Overlord x4  
  79  6:57  Pneumatized Carapace  
  79  7:03  Roach x8, Extractor x2  
  93  7:21  Hive  
  93  7:26  Overseer  
  93  7:39  Zerg Missile Weapons Level 1, Zerg Ground Armor Level 2  
  93  7:40  Roach  
  93  7:41  Roach x8  
  93  7:42  Overlord x4  
  111  8:02  Overlord x4  
  111  8:03  Overlord x4  
  111  8:33  Ultralisk Cavern  
  110  8:34  Greater Spire  
  110  8:39  Viper x5  
  125  8:47  Corruptor x5  
  135  8:55  Roach x2  
  139  8:56  Roach x5  
  139  9:02  Roach x3  
  155  9:06  Centrifical Hooks  
  155  9:51  Brood Lord x2  
  155  9:52  Brood Lord x3  
  147  10:28  Roach x3, Zergling x8  
  139  10:29  Roach x4, Zergling x6  
  130  10:46  Ultralisk x6  
  140  11:43  Zerg Melee Weapons Level 2  
  140  11:44  Zerg Ground Armor Level 3  
  140  11:45  Chitinous Plating  
  140  11:46  Zerg Flyer Armor Level 1  
  140  11:47  Overlord  
  140  11:48  Overlord x12  
  140  11:53  Spawning Pool  
  138  12:05  Corruptor x4  
  123  13:00  Corruptor x3  
  107  13:18  Ultralisk x2  
  107  13:19  Ultralisk, Zergling x6  
  130  13:34  Queen  
  122  14:01  Hatchery  
  94  14:36  Zerg Melee Weapons Level 3  
  94  14:37  Zerg Missile Weapons Level 2  
  94  14:50  Ultralisk x3  
  94  14:51  Ultralisk, Zergling x6  
  94  14:52  Zergling x4  
  123  14:55  Hatchery  
  122  15:02  Hatchery  
  121  15:28  Ultralisk, Zergling x10  
  112  16:12  Brood Lord x6  
  112  16:14  Zergling x16  
  112  16:15  Zergling x20  
  89  17:10  Zergling x20  
  89  17:11  Zergling x2  
  82  17:33  Viper x4  
  74  18:00  Extractor  
  74  18:01  Extractor  
  55  18:56  Zergling x2  
  55  18:57  Zergling x22  
  54  19:14  Zergling x2  
  54  19:15  Zergling x6  
  51  19:32  Zergling x4  
  37  20:06  Zergling x6  
  29  21:31  Zergling x2  
  29  21:32  Zergling x4  
  32  21:33  Zergling x6  
Tags
 
Add a new tag
Caveats
  • Supply blocks, unpowered buildings, or Contaminate may cause inaccurate times.
  • Supply counts are checked every 10 seconds.